 Dungeon Crawl Stone Soup version 0.17.0-26-gececa24 (webtiles) character file.

63693 MDvedh the Spry (level 14, -3/57 HPs)
             Began as a Spriggan Enchanter on Nov 20, 2015.
             Was the Champion of Kikubaaqudgha.
             Slain by a small abomination (18 damage)
             ... on level 1 of the Abyss.
             The game lasted 01:21:26 (23651 turns).

MDvedh the Spry (Spriggan Enchanter)               Turns: 23651, Time: 01:21:26

Health: -3/57      AC:  5    Str:  5      XL:     14   Next: 69%
Magic:  25/25      EV: 31    Int: 12 (15) God:    Kikubaaqudgha [******]
Gold:   1409       SH:  0    Dex: 17 (21) Spells: 8 memorised, 6 levels left

rFire  + . .     SeeInvis +     p - +6 quick blade (pain)
rCold  . . .     Rnd*Rage +     N - +2 robe {MR+}
rNeg   . . .     SustAt   .     (shield restricted)
rPois  +         Gourm    .     R - +0 hat
rElec  +         Spirit   .     H - +0 cloak of the Vaults {rElec rPois}
rCorr  .         Warding  .     (gloves unavailable)
rMut   .         Stasis   .     (boots unavailable)
MR     +++++                    B - amulet of rage
Stlth  +++.......               c - ring "Irois" {+Blink rElec rF+}
                                L - +3 ring of strength

@: exhausted, liquid flames, about to teleport, slowed, glowing, quick, almost
entirely resistant to hostile enchantments, fairly stealthy
A: unfitting armour, horns 1, icy blue scales 1, camouflage 1, see invisible,
berserk 3, deformed body, deterioration 1, dopey 1, herbivore 3, speed 3, frail
2, low mp 1, magic resistance 2, screaming 1, slow metabolism 2, weak 1
a: Receive Corpses, Torment, Renounce Religion, Evoke Blink, Evoke Berserk Rage


You were on level 1 of the Abyss.
You worshipped Kikubaaqudgha.
Kikubaaqudgha was exalted by your worship.
You were not hungry.

You visited 3 branches of the dungeon, and saw 18 of its levels.
You visited the Abyss 1 time.
You also visited: Labyrinth and Sewer.

You collected 1409 gold pieces.

Inventory:

Hand Weapons
 p - a +6 quick blade of pain (weapon)
 M - a +2 scimitar of flaming
Armour
 H - the +0 cloak of the Vaults (worn) {rElec rPois}
   (You acquired it on level 1 of the Lair of Beasts)

   It insulates you from electricity.
   It protects you from poison.
 N - a +2 robe of magic resistance (worn)
 R - a +0 hat (worn)
Jewellery
 c - the ring "Irois" (right hand) {+Blink rElec rF+}
   (You found it on level 6 of the Lair of Beasts)

   [ring of protection from fire]

   It protects you from fire.
   It insulates you from electricity.
   It lets you blink.
 o - an uncursed ring of protection from cold
 y - a +2 ring of evasion
 B - an amulet of rage (around neck)
 D - an uncursed ring of protection from fire
 E - an uncursed ring of teleportation
 F - a +6 ring of slaying
 K - the ring of Cynaunk {rElec rN++ SInv}
   (You found it on level 3 of the Lair of Beasts)

   [ring of see invisible]

   It insulates you from electricity.
   It greatly protects you from negative energy.
   It lets you see invisible.
 L - a +3 ring of strength (left hand)
Wands
 b - a wand of draining (9)
 A - a wand of fireball (7)
 G - a wand of fire (7)
Scrolls
 l - 7 scrolls of teleportation
 m - 4 scrolls of enchant armour
 q - a scroll of silence
 r - a scroll of amnesia
 s - 5 scrolls of recharging
 u - 9 scrolls of remove curse
 w - 6 scrolls of identify
 x - 2 scrolls of magic mapping
 P - 2 scrolls of summoning
Potions
 f - 3 potions of resistance
 g - a potion of cure mutation
 h - 2 potions of agility
 i - a potion of magic
 j - 7 potions of curing
 k - 3 potions of lignification
 n - a potion of flight
 t - 2 potions of haste
 z - 6 potions of might
 J - 2 potions of cancellation
 Q - a potion of brilliance
Books
 v - a book of Dreams

   Spells                             Type                      Level
   a - Ensorcelled Hibernation        Hexes/Ice                    2
   b - Phase Shift                    Translocation                5
   c - Shadow Creatures               Summoning                    5
   d - Silence                        Hexes/Air                    5
   e - Darkness                       Hexes                        6
   f - Mass Confusion                 Hexes                        6
 C - Kikubaaqudgha's Papyrus of Black Rites
   (Kikubaaqudgha gifted it to you on level 8 of the Dungeon)

   Spells                             Type                      Level
   a - Animate Skeleton               Necromancy                   1
   b - Corpse Rot                     Necromancy                   2
   c - Sublimation of Blood           Necromancy                   2
   d - Regeneration                   Charms/Necromancy            3
   e - Control Undead                 Necromancy                   4
 I - the Papyrus of Dark Rites
   (You found it on level 1 of the Abyss)

   Spells                             Type                      Level
   a - Animate Skeleton               Necromancy                   1
   b - Vampiric Draining              Necromancy                   3
   c - Agony                          Necromancy                   5
   d - Dispel Undead                  Necromancy                   5
 O - Kikubaaqudgha's Compendium of Evil Magic
   (Kikubaaqudgha gifted it to you on level 1 of the Lair of Beasts)

   Spells                             Type                      Level
   a - Animate Dead                   Necromancy                   4
   b - Excruciating Wounds            Charms/Necromancy            5
   c - Bolt of Draining               Conjuration/Necromancy       5
   d - Cigotuvi's Embrace             Necromancy                   5
   e - Dispel Undead                  Necromancy                   5
Miscellaneous
 U - a stone of tremors
Comestibles
 a - 30 fruits
 d - 15 bread rations


   Skills:
 + Level 7.0 Fighting
 - Level 11.1 Short Blades
 + Level 15.2 Dodging
 + Level 11.2 Stealth
 - Level 9.7 Spellcasting
 * Level 13.3 Hexes
 - Level 7.0 Charms
 + Level 11.0 Necromancy
 - Level 3.0 Ice Magic


You had 6 spell levels left.
You knew the following spells:

 Your Spells              Type           Power        Failure   Level  Hunger
a - Ensorcelled Hibernat  Hex/Ice        ####..       1%          2    None
b - Corona                Hex            #####..      1%          1    None
c - Confuse               Hex            #####...     1%          3    ##.....
d - Dazzling Spray        Conj/Hex       ###.....     2%          3    ##.....
e - Tukima's Dance        Hex            #####...     1%          3    ##.....
f - Regeneration          Chrm/Necr      ####......   1%          3    ##.....
g - Cigotuvi's Embrace    Necr           ####......   4%          5    #####..
q - Mass Confusion        Hex            #####.....   10%         6    #######


Dungeon Overview and Level Annotations

Branches:
Dungeon (9/15)             Temple (1/1) D:4            Lair (8/8) D:9
  Swamp (0/4) Lair:3        Snake (0/4) Lair:5        Slime (0/6) Lair:6
    Orc: D:9-12

Altars:
Ashenzari
Cheibriados
Dithmenos
Elyvilon
Fedhas
Gozag
Kikubaaqudgha
Makhleb
Nemelex Xobeh
Okawaru
Qazlal
Ru
Sif Muna
Trog
Vehumet
Xom
Yredelemnul
Zin
The Shining One
Jiyva

Annotations:
D:8 2 runed doors, Grum
Abyss:1 2 runed doors


Innate Abilities, Weirdness & Mutations

You are tiny and cannot use many weapons and most armour.
You have supernaturally acute eyesight.
You are a herbivore.
You cover ground extremely quickly.
You need consume almost no food.
You have a pair of small horns on your head.
You are partially covered in icy blue scales (AC +1).
Your skin changes colour to match your surroundings (Stealth).
Your magical capacity is low (-10% MP).
You are highly resistant to hostile enchantments.
[You have an uncontrollable temper.]
[Armour fits poorly on your strangely shaped body.]
[Your body sometimes deteriorates upon taking damage.]
[You are dopey. (Int -2)]
[You are very frail (-20% HP).]
[You occasionally shout uncontrollably at your foes.]
[You are weak. (Str -2)]


Message History

The thrashing horror tramples you but does no damage.
The small abomination hits you but does no damage.
You hit the small abomination.
The small abomination is almost destroyed.
You are covered in liquid flames!
The thrashing horror completely misses you. x2
The hell hog completely misses you.
Unknown command.
Unknown command.
You hit the small abomination but do no damage.
The small abomination is almost destroyed.
You are covered in liquid flames!
The thrashing horror completely misses you. x2
The hell hog sprays you with burning goo.
The sticky flame hits you! You resist.
You are covered in liquid flames!
* * * LOW HITPOINT WARNING * * *
The small abomination hits you!!
You die...
Kikubaaqudgha rasps: "You have failed me!
Welcome... death!"

#3 ..# . #. .
.. .# . ... .
.. #.## . .#
#. #..##..#
.## .. .....
###..# ....
.#@h..# #.
#.†##xX..#
..##
.##....#...#
#.....
.†.#†.#.#
#.......#.
##.# #
..##.#%..##.#
#.. #. .# .#
. . . . #. .
# . ..... .


You could see a hell hog, a thrashing horror and a small abomination.

Vanquished Creatures
  Rupert (Lair:4)
  Gastronok (Lair:3)
  Erolcha (D:8)
  A minotaur (Lab)
  Josephine (Lair:4)
  A fire dragon (Lair:8)
  2 hydras
  Erica (D:9)
  A queen ant (Lair:6)
  A hell hog (Abyss:1)
  A wretched star (Abyss:1)
  A necromancer (Lair:7)
  A worldbinder (Abyss:1)
  The ghost of MDvedh the Grappler, a novice VSMo of Qazlal (D:6)
  3 griffons
  5 black mambas
  9 elephants
  A naga mage (Lair:5)
  A torpor snail (Lair:8)
  14 spiny frogs
  A smoke demon (Abyss:1)
  10 komodo dragons
  8 fire drakes
  4 polar bears (Lair:8)
  A troll (D:9)
  2 boulder beetles (Lair:7)
  15 blink frogs
  10 raiju
  A trapdoor spider (Lab)
  A ynoxinul (Abyss:1)
  A wyvern (Lair:6)
  2 wraiths
  Eustachio (D:5)
  6 basilisks
  3 steam dragons
  43 yaks
  A hungry ghost (D:7)
  A neqoxec (Abyss:1)
  46 wolves
  9 hippogriffs
  6 wargs (Lair:8)
  2 mottled dragons (Lair:8)
  20 soldier ants (Lair:6)
  23 water moccasins
  Duvessa (D:5)
  6 porcupines
  An ice beast (D:9)
  3 sky beasts
  A swamp drake (Lair:8)
  4 hell hounds (Lair:8)
  2 orc warriors (D:9)
  6 black bears
  2 phantoms (D:6)
  4 centaurs
  14 giant frogs
  3 small abominations (Abyss:1)
  10 crocodiles
  A big kobold (D:9)
  6 ogres
  A brain worm (Abyss:1)
  Dowan (D:5)
  3 scorpions
  9 killer bees
  8 wights
  A quasit (D:8)
  3 centaur zombies
  4 electric eels (Lair:5)
  2 giant frog zombies
  A gnoll shaman (D:9)
  20 hounds
  3 jellies
  2 crimson imps (D:5)
  An orc priest (D:7)
  8 orc wizards
  A giant frog skeleton (D:9)
  25 worker ants
  An iron imp (Abyss:1)
  14 iguanas
  A killer bee zombie (D:9)
  3 yak simulacra (Lair:7)
  3 polar bear simulacra (Lair:7)
  A wolf simulacrum (Lair:7)
  19 sheep
  13 adders
  7 gnolls (D:9)
  55 river rats
  2 shadow imps
  An ufetubus (Abyss:1)
  4 worms
  An adder skeleton (D:6)
  11 giant geckos
  19 orcs
  8 ball pythons
  7 bats
  12 giant cockroaches
  9 goblins
  12 hobgoblins
  18 jackals
  4 quokkas
  A giant gecko skeleton (D:4)
  9 giant newts
  13 kobolds
  A quokka skeleton (D:7)
  7 rats
  4 river rat simulacra (Lair:7)
  A butterfly (D:4)
  A fungus (D:4)
  A plant (Lair:8)
685 creatures vanquished.

Vanquished Creatures (others)
  13 fungi
  A lurking horror (Abyss:1)
  12 plants
  2 starspawn tentacles (Abyss:1)
28 creatures vanquished.

Grand Total: 713 creatures vanquished

Notes
Turn   | Place    | Note
--------------------------------------------------------------
     0 | D:1      | MDvedh the Spriggan Enchanter began the quest for the Orb.
     0 | D:1      | Reached XP level 1. HP: 9/9 MP: 5/5
   261 | D:1      | Reached XP level 2. HP: 13/13 MP: 6/6
   265 | D:1      | Learned a level 2 spell: Ensorcelled Hibernation
   835 | D:1      | Reached XP level 3. HP: 12/16 MP: 1/8
   840 | D:1      | Learned a level 3 spell: Confuse
  1432 | D:2      | Reached XP level 4. HP: 18/21 MP: 6/9
  1758 | D:2      | Reached skill level 5 in Hexes
  1847 | D:2      | Learned a level 3 spell: Dazzling Spray
  2018 | D:3      | Found a white marble altar of Elyvilon.
  2159 | D:3      | Found a stormy altar of Qazlal.
  2247 | D:3      | Reached XP level 5. HP: 17/24 MP: 4/11
  2504 | D:3      | Found a sacrificial altar of Ru.
  2650 | D:4      | Gained mutation: You are resistant to hostile enchantments. [potion of mutation]
  2650 | D:4      | Gained mutation: Your magical capacity is low (-10% MP). [potion of mutation]
  2651 | D:4      | Gained mutation: Your muscles are strong. (Str +2) [potion of mutation]
  2651 | D:4      | Gained mutation: Your spells are a little harder to cast, but a little more powerful. [potion of mutation]
  2652 | D:4      | Gained mutation: You are highly resistant to hostile enchantments. [potion of mutation]
  2652 | D:4      | Lost mutation: Your spells are a little harder to cast, but a little more powerful. [potion of mutation]
  2652 | D:4      | Gained mutation: You have a pair of small horns on your head. [potion of mutation]
  3152 | D:4      | Reached XP level 6. HP: 28/28 MP: 9/11
  3329 | D:4      | Found a staircase to the Ecumenical Temple.
  3335 | Temple   | Entered the Ecumenical Temple
  3731 | D:5      | Entered Level 5 of the Dungeon
  3798 | D:5      | Reached skill level 6 in Hexes
  3809 | D:5      | Found a radiant altar of Vehumet.
  3868 | D:5      | Reached skill level 5 in Stealth
  3868 | D:5      | Reached skill level 1 in Ice Magic
  3904 | D:5      | Noticed Dowan
  3905 | D:5      | Noticed Duvessa
  3914 | D:5      | Killed Dowan
  3972 | D:5      | Killed Duvessa
  3972 | D:5      | Reached XP level 7. HP: 24/32 MP: 0/12
  4097 | D:5      | Reached skill level 7 in Hexes
  4279 | D:5      | Reached skill level 5 in Short Blades
  4374 | D:5      | Found a bloodstained altar of Trog.
  4424 | D:5      | Noticed Eustachio
  4458 | D:5      | Killed Eustachio
  4458 | D:5      | Reached XP level 8. HP: 33/36 MP: 6/13
  4574 | D:6      | Found an iron altar of Okawaru.
  4579 | D:6      | Reached skill level 8 in Hexes
  4637 | D:6      | Found a shadowy altar of Dithmenos.
  4735 | D:6      | Found a glowing drain.
  4766 | Sewer    | Entered a sewer
  5174 | D:6      | Found an ancient bone altar of Kikubaaqudgha.
  5177 | D:6      | Noticed MDvedh's ghost (novice VSMo)
  5177 | D:6      | Found a shattered altar of Ashenzari.
  5223 | D:6      | Killed MDvedh's ghost
  5223 | D:6      | Reached skill level 9 in Stealth
  5223 | D:6      | Reached skill level 5 in Spellcasting
  5223 | D:6      | Reached XP level 9. HP: 39/39 MP: 1/16
  5238 | D:6      | Became a worshipper of Kikubaaqudgha
  5851 | D:7      | Found a burning altar of Makhleb.
  6117 | D:7      | Reached skill level 10 in Stealth
  6363 | D:7      | Reached skill level 5 in Dodging
  6594 | D:8      | Found a runed door.
  6607 | D:8      | Found a runed door.
  7013 | D:8      | Reached * piety under Kikubaaqudgha
  7013 | D:8      | Received a gift from Kikubaaqudgha
  7013 | D:8      | Reached skill level 11 in Stealth
  7016 | D:8      | Identified Kikubaaqudgha's Papyrus of Black Rites (Kikubaaqudgha gifted it to you on level 8 of the Dungeon)
  7021 | D:8      | Learned a level 3 spell: Tukima's Dance
  7025 | D:8      | Learned a level 3 spell: Regeneration
  7069 | D:8      | Reached skill level 1 in Charms
  7250 | D:8      | Noticed Grum
  7279 | D:8      | Reached skill level 1 in Necromancy
  7813 | D:8      | Reached XP level 10. HP: 44/44 MP: 12/17
  7852 | D:8      | Noticed Erolcha
  7867 | D:8      | Killed Erolcha
  7881 | D:8      | Gained mutation: You are partially covered in icy blue scales (AC +1). [potion of mutation]
  7881 | D:8      | Gained mutation: Your skin changes colour to match your surroundings (Stealth). [potion of mutation]
  7900 | D:8      | Found an iron altar of Okawaru.
  8142 | D:9      | Found a staircase to the Lair.
  8193 | D:9      | Found a snail-covered altar of Cheibriados.
  8372 | D:9      | Reached ** piety under Kikubaaqudgha
  8826 | D:9      | Reached skill level 5 in Charms
  8879 | D:9      | Found an opulent altar of Gozag.
  8880 | D:9      | Found a sparkling altar of Nemelex Xobeh.
  8918 | D:9      | Noticed Erica
  8958 | D:9      | Killed Erica
  9288 | D:9      | Reached skill level 5 in Necromancy
  9786 | Lair:1   | Entered Level 1 of the Lair of Beasts
  9793 | Lair:1   | Reached XP level 11. HP: 47/47 MP: 18/18
  9948 | Lair:1   | Reached *** piety under Kikubaaqudgha
  9948 | Lair:1   | Received a gift from Kikubaaqudgha
  9949 | Lair:1   | Identified Kikubaaqudgha's Compendium of Evil Magic (Kikubaaqudgha gifted it to you on level 1 of the Lair of Beasts)
  9956 | Lair:1   | Learned a level 5 spell: Cigotuvi's Embrace
 10128 | Lair:1   | Noticed a black mamba
 10143 | Lair:1   | Killed a black mamba
 10271 | Lair:1   | Reached skill level 10 in Short Blades
 10339 | Lair:1   | Identified a scroll of acquirement
 10340 | Lair:1   | Got a crude cloak
 10346 | Lair:1   | Identified the +0 cloak of the Vaults {rElec rPois} (You acquired it on level 1 of the Lair of Beasts)
 10622 | Lair:1   | Reached skill level 10 in Dodging
 11256 | Lair:2   | Reached **** piety under Kikubaaqudgha
 12612 | Lair:2   | Reached XP level 12. HP: 24/51 MP: 13/19
 13317 | Lair:3   | Reached ***** piety under Kikubaaqudgha
 13365 | Lair:3   | Noticed Gastronok
 13404 | Lair:3   | Reached skill level 1 in Fighting
 13455 | Lair:3   | Noticed a seven-headed hydra
 13473 | Lair:3   | Killed a two-headed hydra
 13606 | Lair:3   | Found a staircase to the Swamp.
 14019 | Lair:3   | Got a shimmering steel ring
 14096 | Lair:3   | Killed Gastronok
 14096 | Lair:3   | Reached skill level 12 in Dodging
 14378 | Lair:3   | Identified the ring of Cynaunk {rElec rN++ SInv} (You found it on level 3 of the Lair of Beasts)
 14630 | Lair:4   | Noticed Josephine
 14658 | Lair:4   | Killed Josephine
 14658 | Lair:4   | Reached skill level 10 in Necromancy
 15389 | Lair:4   | Noticed Rupert
 15419 | Lair:4   | Killed Rupert
 15419 | Lair:4   | Reached skill level 13 in Dodging
 15756 | Lair:5   | Identified a +0 rod of inaccuracy (14/14) (You found it on level 5 of the Lair of Beasts)
 15800 | Lair:5   | Reached XP level 13. HP: 61/61 MP: 17/20
 16225 | Lair:5   | Found a staircase to the Snake Pit.
 16925 | Lair:6   | Reached skill level 10 in Hexes
 17283 | Lair:6   | Reached skill level 5 in Fighting
 17644 | Lair:6   | Got a brightly glowing bronze ring
 17651 | Lair:6   | Identified the ring "Irois" {+Blink rElec rF+} (You found it on level 6 of the Lair of Beasts)
 17739 | Lair:6   | Reached skill level 14 in Dodging
 17866 | Lair:6   | Found a staircase to the Slime Pits.
 17866 | Lair:6   | Found a viscous altar of Jiyva.
 17889 | Lair:6   | Reached ****** piety under Kikubaaqudgha
 19843 | Lair:8   | Entered Level 8 of the Lair of Beasts
 19843 | Lair:8   | Found a labyrinth entrance.
 19872 | Lab      | Entered a labyrinth
 19882 | Lab      | Identified a +6 quick blade of pain (a +4 quick blade bloodied by Kikubaaqudgha)
 19882 | Lab      | Received a gift from Kikubaaqudgha
 20967 | Lair:8   | Reached XP level 14. HP: 45/70 MP: 23/23
 21374 | Lair:8   | Learned a level 6 spell: Mass Confusion
 22256 | Lair:8   | Reached skill level 15 in Dodging
 22467 | Lair:8   | Cast into the Abyss (the power of Zot)
 22467 | Abyss:1  | Found a corrupted altar of Lugonu.
 22480 | Abyss:1  | Identified the Papyrus of Dark Rites
 22582 | Abyss:1  | Found a runed door.
 22587 | Abyss:1  | Found a runed door.
 22800 | Abyss:1  | Noticed a tentacled starspawn
 22904 | Abyss:1  | Lost mutation: Your muscles are strong. (Str +2) [a neqoxec]
 22920 | Abyss:1  | Lost strength.
 23048 | Abyss:1  | Noticed a tentacled starspawn
 23053 | Abyss:1  | Found a runed door.
 23059 | Abyss:1  | Found a runed door.
 23100 | Abyss:1  | Noticed a bone dragon
 23229 | Abyss:1  | Noticed a bone dragon
 23450 | Abyss:1  | Noticed a balrug
 23500 | Abyss:1  | Noticed a tentacled starspawn
 23503 | Abyss:1  | HP: 2/56 [burnt (2)]
 23644 | Abyss:1  | HP: 1/57 [small abomination (20)]
 23651 | Abyss:1  | Slain by a small abomination

Action                   |  1- 3 |  4- 6 |  7- 9 | 10-12 | 13-15 || total
-------------------------+-------+-------+-------+-------+-------++-------
Melee: Dagger            |   116 |   134 |   348 |   864 |   709 ||  2171
       Scimitar          |       |       |       |     5 |     4 ||     9
       Quick blade       |       |       |       |       |   543 ||   543
 Cast: Corona            |     1 |       |       |       |       ||     1
       Ensorcelled Hiber |    11 |    27 |    46 |    90 |    59 ||   233
       Confuse           |       |       |    17 |    37 |    11 ||    65
       Dazzling Spray    |       |       |       |     7 |     1 ||     8
       Cigotuvi's Embrac |       |       |       |     1 |     4 ||     5
       Regeneration      |       |       |       |       |     9 ||     9
       Mass Confusion    |       |       |       |       |     1 ||     1
Invok: Receive Corpses   |       |       |       |     1 |       ||     1
       Brand Weapon With |       |       |       |       |     1 ||     1
Evoke: Wand              |       |       |       |     3 |       ||     3
  Use: Scroll            |       |     4 |     9 |    13 |    15 ||    41
       Potion            |       |     3 |       |     1 |     8 ||    12
 Stab: Sleeping          |    22 |    22 |    38 |    77 |    61 ||   220
       Confused          |       |       |    10 |    14 |     5 ||    29
       Distracted        |       |       |     1 |     7 |    10 ||    18
  Eat: Bread ration      |       |     1 |       |     2 |     2 ||     5
       Royal jelly       |       |       |     1 |       |       ||     1
       Pizza             |       |       |       |     1 |     1 ||     2
       Fruit             |       |       |       |     1 |     1 ||     2
